 Dungeon Crawl Stone Soup version 0.17-a0-2171-ga91b4ec (webtiles) character file.

128 septik the Twirler (level 4, -9/37 HPs)
             Began as a Minotaur Gladiator on Oct 25, 2015.
             Mangled by an orc
             ... wielding a +3 whip of electrocution
              (19 damage)
             ... on level 2 of the Dungeon.
             The game lasted 00:11:28 (2271 turns).

septik the Twirler (Minotaur Gladiator)             Turns: 2271, Time: 00:11:32

Health: -9/37      AC:  9    Str: 19    XL:     4   Next: 87%
Magic:  3/3        EV:  9    Int:  5    God:
Gold:   104        SH:  0    Dex: 12    Spells: 0 memorised, 3 levels left

rFire  . . .     SeeInvis .     a - +0 quarterstaff
rCold  . . .     Clarity  .     k - +0 chain mail
rNeg   . . .     SustAt   .     (no shield)
rPois  .         Gourm    .     c - +0 hat
rElec  .         Spirit   .     (no cloak)
rCorr  .         Warding  .     (no gloves)
rMut   .         Stasis   .     (no boots)
MR     .....                    (no amulet)
Stlth  ..........               (no ring)
                                (no ring)

@: not resistant to hostile enchantments, extremely unstealthy
A: retaliatory headbutt, horns 2
a: no special abilities


You were on level 2 of the Dungeon.
You were not hungry.

You visited 1 branch of the dungeon, and saw 3 of its levels.

You collected 104 gold pieces.

Inventory:

Hand Weapons
 a - a +0 quarterstaff (weapon)
 v - a +0 hunting sling
Missiles
 d - 3 throwing nets
 i - 98 stones (quivered)
Armour
 b - a +0 leather armour
 c - a +0 hat (worn)
 k - a +0 chain mail (worn)
Jewellery
 y - an uncursed ring of protection from magic {unknown}
Wands
 f - a wand of fireball (3)
Scrolls
 m - a scroll of enchant armour {unknown}
 n - a scroll of remove curse {unknown}
 o - a scroll of blinking {unknown}
 p - a scroll of immolation {unknown}
 r - a scroll of magic mapping {unknown}
 s - a scroll of amnesia {unknown}
 t - 2 scrolls of identify {unknown}
Potions
 h - a potion of flight {unknown}
 j - a potion of might {unknown}
 l - 2 potions of curing {unknown}
 u - a potion of degeneration {unknown}
 w - a potion of cancellation {unknown}
Comestibles
 e - 4 bread rations
 g - 2 fruits
 q - a beef jerky
 x - a chunk of flesh


   Skills:
 - Level 2.4 Fighting
 + Level 4.9 Staves
 - Level 2.0 Throwing
 + Level 3.1 Armour
 + Level 4.3 Dodging


You had 3 spell levels left.
You didn't know any spells.

Dungeon Overview and Level Annotations

Branches:
Dungeon (3/15)

Altars:
Ashenzari
Gozag
Nemelex Xobeh
Zin


Innate Abilities, Weirdness & Mutations

You reflexively headbutt those who attack you in melee.
You have a pair of horns on your head.


Message History

There is a stone staircase leading down here.
You start resting.
HP restored.
You climb downwards.
The orc hits you but does no damage.
You are electrocuted!
There is a stone staircase leading up here.
The orc hits you but does no damage.
The orc priest hits you but does no damage.
You climb upwards.
There is a stone staircase leading down here.
You barely miss the orc priest.
The orc hits you with a whip of electrocution.
The orc priest closely misses you. You furiously retaliate!
You headbutt the orc priest! You hit the orc priest.
The orc priest is severely wounded.
The orc hits you with a whip of electrocution.
* * * LOW HITPOINT WARNING * * *
You are electrocuted!
Ouch! That really hurt!
You die...

......>#......#.......#
......##......#.......#
.8...8##......##.######
###8####......##.#####
########.......#.....#
........######.#.#...#
####....# #.....#.#.#
#....# #.##oo..#.#####
#....# #.#..@#.......#
#....#
#.#>#.#.#####.########
#....#
#.#........##.....#...
######
#.##.############.##รท#
#....# #....# ######
#....# ####.#...
#....#### #.####


You could see an orc priest and an orc.

Vanquished Creatures
  Natasha (thrice) (D:2)
  Robin (D:1)
  2 adders (D:2)
  2 oozes
  A worm (D:2)
  A giant gecko (D:2)
  5 bats
  2 giant cockroaches (D:2)
  16 goblins
  6 hobgoblins
  6 kobolds
  2 giant newts (D:1)
  2 quokkas
  10 rats
59 creatures vanquished.

Notes
Turn   | Place    | Note
--------------------------------------------------------------
     0 | D:1      | septik the Minotaur Gladiator began the quest for the Orb.
     0 | D:1      | Reached XP level 1. HP: 18/18 MP: 0/0
   143 | D:1      | Reached skill level 4 in Staves
   174 | D:1      | Reached XP level 2. HP: 25/25 MP: 1/1
   452 | D:1      | Reached skill level 1 in Armour
   848 | D:2      | Found a shattered altar of Ashenzari.
   864 | D:2      | Reached XP level 3. HP: 26/30 MP: 2/2
   917 | D:2      | Found an opulent altar of Gozag.
   919 | D:2      | Found a glowing silver altar of Zin.
  1079 | D:2      | Noticed Natasha
  1246 | D:2      | Noticed Robin
  1280 | D:1      | Reached XP level 4. HP: 33/37 MP: 3/3
  1381 | D:1      | Killed Robin
  1748 | D:2      | Killed Natasha
  1891 | D:2      | Noticed Natasha
  1898 | D:2      | Killed Natasha
  2070 | D:2      | Noticed Natasha
  2078 | D:2      | Killed Natasha
  2121 | D:2      | Found a sparkling altar of Nemelex Xobeh.
  2271 | D:2      | Mangled by an orc

Vault maps used:
D:1:      zelgadis_glass_arrival_small, hangedman_feature_mirror
D:2:      lemuel_round_altar, nicolae_overflow_hidden_temple, first_bread,
          uniq_robin, uniq_natasha

Action                   |  1- 3 |  4- 6 || total
-------------------------+-------+-------++-------
Melee: Quarterstaff      |    65 |    31 ||    96
 Fire: Hunting sling     |       |    12 ||    12
Throw: Stone             |    56 |    29 ||    85
       Throwing net      |     1 |       ||     1
  Eat: Chunk             |       |     4 ||     4
